 Dungeon Crawl Stone Soup version 0.31-a0-117-g42d8f58691 (webtiles) character file.

Game seed: 4483843487845192471

1 Angani the Caller (level 1, -1/14 HPs)
             Began as a Meteoran Summoner on May 30, 2023.
             Slain by a quokka (5 damage)
             ... on level 1 of the Dungeon.
             The game lasted 00:00:25 (34 turns).

Angani the Caller (Meteoran Summoner)                 Turns: 34, Time: 00:00:26

Health: -1/14      AC:  2    Str:  9    XL:     1   Next: 28%
Magic:  4/5        EV: 12    Int: 16    God:
Gold:   0          SH:  0    Dex: 14    Spells: 4/5 levels left

rFire   . . .        (no weapon)
rCold   . . .        (no shield)
rNeg    . . .        a - +0 robe
rPois   .            (no helmet)
rElec   .            (no cloak)
rCorr   .            (no gloves)
SInv    .            (no boots)
Will    .....        (no amulet)
Stlth   +            (no ring)
HPRegen 0.22/turn    (no ring)
MPRegen 0.09/turn

%: no passive effects
@: glowing
A: sense surroundings 1, otherworldly, glowing, explore regen
a: no special abilities


You were on level 1 of the Dungeon.
You visited 1 branch of the dungeon, and saw 1 of its levels.

Inventory:

Armour
 a - a +0 robe (worn)
Potions
 b - a potion of magic


   Skills:
 - Level 2.4 Dodging
 - Level 1.4 Stealth
 + Level 2.7 Spellcasting
 + Level 4.8 Summonings
 + Level 0.2 Air Magic


You had 4 spell levels left.
You knew the following spells:

 Your Spells              Type           Power      Damage    Failure   Level
a - Summon Small Mammal   Summ           68%        N/A       2%          1

Your spell library contained the following spells:

 Spells                   Type           Power      Damage    Failure   Level
 Call Imp                 Summ           34%        N/A       4%          2
 Call Canine Familiar     Summ           17%        N/A       8%          3
 Summon Guardian Golem    Hex/Summ       9%         N/A       22%         3
 Summon Lightning Spire   Summ/Air       10%        N/A       56%         4


Dungeon Overview and Level Annotations

Branches:
Dungeon (1/15) Zot: 565

Altars:


Innate Abilities, Weirdness & Mutations

You passively map a small area around you.
You are easily found by Zot.
You glow in the dark.
You regain HP and MP as you explore.


Message History

You barely miss the rat.
Your quokka barely misses the quokka.
The quokka closely misses your quokka.
Your quokka barely misses the quokka.
Your bat hits the quokka but does no damage.
The rat closely misses you.
Unknown command.
You barely miss the rat. The quokka bites your quokka.
Your quokka dies!
Your quokka's corpse disappears in a puff of smoke!
The rat misses you.
Unknown command.
Casting: Summon Small Mammal (safe; 2% risk of failure)
Confirm with . or Enter, or press ? or * to list all spells.
Your bat barely misses the quokka. x2; The rat bites you.
Unknown command.
Unknown command.
The rat attacks as you move away! The rat bites you.
Your bat misses the quokka.
Your bat hits the rat but does no damage.
The quokka bites you but does no damage.
The quokka bites you.
Unknown command.
The quokka attacks as you move away! The quokka barely misses you.
The rat attacks as you move away! The rat bites you.
Your bat barely misses the quokka.
Your bat hits the quokka but does no damage.
Your bat barely misses the rat.
Unknown command.
You hit the quokka but do no damage. Your bat hits the rat.
Your bat closely misses the rat.
The quokka bites you. The rat completely misses you.
Unknown command.
You closely miss the quokka. The quokka bites you.
* * * LOW HITPOINT WARNING * * *
Your bat barely misses the rat.
The rat bites you but does no damage.
Unknown command.
You hit the rat but do no damage.
The rat is moderately wounded.
Your bat closely misses the quokka.
Your bat misses the rat. The quokka bites you.
You die...

#. #.#.###.........
#..#.#.# ###.......
#.....#####.......
, *
##...†....#.......,
, ###..###.........
,,
#.###....#####*** *
#.##..##..## ** # ,
#....#
#...#####..###
#...#
#.#.@r...!.... ###.
#.###r........ , #
,..#*#.b......# **
.##. ..b......# ##
.##........# *,,,
,,*# #........# **
#........#
#.>......# ,


You could see a quokka (ally target), a rat (ally target) and 2 friendly bats.

Vanquished Creatures (collateral kills)
  A ball python (D:1)
1 creature vanquished.

Notes
Turn   | Place    | Note
-------+----------+-------------------------------------------
     0 | D:1      | Angani the Meteoran Summoner began the quest for the Orb.
     0 | D:1      | Reached XP level 1. HP: 14/14 MP: 5/5
    34 | D:1      | Slain by a quokka

Illustrated notes

Levels and vault maps discovered:
D:1:      minmay_arrival_checkered_box, layout_rooms

Action                     || total
---------------------------++-------
  Melee: Unarmed           ||     5
   Cast: Summon Small Mamm ||     4
 Armour: Robe              ||     2
  Dodge: Dodged            ||     6

Table legend: (Time is in decaauts)
 A = Elapsed time spent in this place.
 B = Non-inter-level travel time spent in this place.
 C = Inter-level travel time spent in this place.
 D = Time resting spent in this place.
 E = Time spent auto-exploring this place.
 F = Levels seen in this place.
 G = Mean time per level.
                   A        B        C        D        E       F      G
               +--------+--------+--------+--------+--------+-----+--------+
         Total |     34 |     34 |      0 |      0 |      0 |   1 |   34.0 |
       Dungeon |     34 |     34 |      0 |      0 |      0 |   1 |   34.0 |
               +--------+--------+--------+--------+--------+-----+--------+

Top non-repeatable levels by time:
     D:1: 34 daAuts
